 Dungeon Crawl Stone Soup version 0.29.1-2-gbd0b4ee654 (webtiles) character file.

Game seed: 1550464391381740097

29642 croobank the Destroyer (level 13, -2/99 HPs)
             Began as a Demonspawn Conjurer on Nov 8, 2022.
             Was an Initiate of Gozag.
             Slain by Snorg (14 damage)
             ... on level 5 of the Lair of Beasts.
             The game lasted 01:20:57 (19879 turns).

croobank the Destroyer (Demonspawn Conjurer)       Turns: 19879, Time: 01:20:58

Health: -2/99      AC:  5    Str: 15    XL:     13   Next: 16%
Magic:  0/25       EV: 21    Int: 22    God:    Gozag
Gold:   1797       SH:  0    Dex:  8    Spells: 5/28 levels left

rFire   . . .      SeeInvis .   B - +6 short sword (elec)
rCold   . . .      Faith    .   (no shield)
rNeg    + + .      Spirit   +   K - +0 robe of the Louse {rPois rN+ Stlth+}
rPois   +          Reflect  .   (helmet restricted)
rElec   .          Harm     .   H - +0 cloak
rCorr   .          Rampage  +   j - +1 pair of gloves "Fine" {Rampage rN+ Str+3 Dex-4}
Will    .....                   (no boots)
Stlth   ++++......              F - amulet "Rigown" {Regen+ Str+4 Slay+2}
HPRegen 1.06/turn               m - ring of poison resistance
MPRegen 0.38/turn               p - +4 ring of evasion

@: very slightly contaminated
A: horns 1, repulsion field 2, magic shield, magic regeneration, magic link,
demonic magic 1, dopey 1
a: Renounce Religion, Potion Petition, Call Merchant, Bribe Branch


You were on level 5 of the Lair of Beasts.
You worshipped Gozag.
Gozag was most pleased with you.
You visited 3 branches of the dungeon, and saw 18 of its levels.
You also visited: Ossuary.

You collected 3378 gold pieces.
You spent 947 gold pieces at shops.
You paid 634 gold pieces to Gozag.

Inventory:

Hand Weapons
 A - a +0 war axe
 B - a +6 short sword of electrocution (weapon)
 L - a +2 vorpal trident
 M - a +2 spear
 R - a +3 scimitar
 S - a +3 dagger
 T - a +3 great sword
Missiles
 e - 2 javelins
 i - 5 boomerangs
 t - 3 silver javelins
 z - 3 throwing nets
 C - 3 curare-tipped darts
Armour
 j - the +1 pair of gloves "Fine" (worn) {Rampage rN+ Str+3 Dex-4}
   (You found it on level 12 of the Dungeon)

   Str:       It affects your strength (+3).
   Dex:       It affects your dexterity (-4).
   rN:        It protects you from negative energy.
   Rampage:   It bestows one free step when moving towards enemies.
 k - a +0 ring mail
 l - a +1 helmet
 H - a +0 cloak (worn)
 I - a +1 pair of gloves
 K - the +0 robe of the Louse (worn) {rPois rN+ Stlth+}
   (You found it on level 7 of the Dungeon)

   rPois:     It protects you from poison.
   rN:        It protects you from negative energy.
   Stlth:     It makes you more stealthy.
 Q - the +7 chain mail "Cugyunte" {rPois}
   (You took it off a human on level 8 of the Dungeon)

   rPois:     It protects you from poison.
Magical Staves
 Y - a staff of death
Jewellery
 m - a ring of poison resistance (left hand)
 p - a +4 ring of evasion (right hand)
 x - the amulet of Elemental Vulnerability {rPois rF-- rC-- AC+8}
   (You found it on level 4 of the Dungeon)

   [amulet of nothing]

   AC:        It affects your AC (+8).
   rF:        It makes you very vulnerable to fire.
   rC:        It makes you very vulnerable to cold.
   rPois:     It protects you from poison.
 F - the amulet "Rigown" (around neck) {Regen+ Str+4 Slay+2}
   (You acquired it on level 6 of the Dungeon)

   [amulet of regeneration]

   Str:       It affects your strength (+4).
   Slay:      It affects your accuracy & damage with ranged weapons and melee
   (+2).
   Regen:     It increases your rate of health regeneration.
 N - a +6 ring of dexterity
Wands
 d - a wand of quicksilver (3)
 y - a wand of flame (38)
 D - a wand of iceblast (8)
 G - a wand of paralysis (19)
 U - a wand of digging (4)
 W - a wand of polymorph (5)
Scrolls
 g - 4 scrolls of identify
 n - 2 scrolls of magic mapping
 q - 4 scrolls of teleportation
 E - 5 scrolls of amnesia
 O - 2 scrolls of silence
 V - 2 scrolls of immolation
 X - 2 scrolls of poison
Potions
 a - 4 potions of lignification
 b - 4 potions of magic
 c - 8 potions of curing
 f - 4 potions of attraction
 h - 5 potions of ambrosia
 o - 3 potions of berserk rage
 r - 3 potions of cancellation
 s - 4 potions of might
 u - a potion of haste
 v - 2 potions of resistance
 J - 2 potions of mutation
Miscellaneous
 P - a lightning rod (4/4)


   Skills:
 * Level 8.5 Fighting
 + Level 3.9 Short Blades
 * Level 8.6 Dodging
 - Level 6.5 Stealth
 * Level 8.4 Spellcasting
 * Level 9.9 Conjurations
 - Level 7.0 Hexes
 * Level 8.0 Summonings
 - Level 5.0 Translocations


You had 5 spell levels left.
You knew the following spells:

 Your Spells              Type           Power      Damage    Failure   Level
a - Magic Dart            Conj           100%       1d8       1%          1
b - Searing Ray           Conj           100%       2d8       1%          2
c - Call Canine Familiar  Summ           44%        N/A       1%          3
d - Summon Guardian Gole  Hex/Summ       42%        N/A       1%          3
e - Blink                 Tloc           62%        N/A       1%          2
f - Dazzling Flash        Conj/Hex       92%        N/A       1%          3
g - Summon Mana Viper     Hex/Summ       42%        N/A       9%          5
h - Iskenderun's Mystic   Conj/Tloc      42%        2d10      3%          4

Your spell library contained the following spells:

 Spells                   Type           Power      Damage    Failure   Level
 Summon Small Mammal      Summ           100%       N/A       1%          1
 Tukima's Dance           Hex            40%        N/A       1%          3
 Ensorcelled Hibernation  Hex/Ice        48%        N/A       2%          2
 Lesser Beckoning         Tloc           31%        N/A       2%          3
 Fulminant Prism          Conj/Hex       23%        3d13      2%          4
 Passage of Golubria      Tloc           31%        N/A       9%          4
 Passwall                 Tmut/Erth      7%         N/A       11%         2
 Summon Forest            Summ/Tloc      19%        N/A       14%         5
 Swiftness                Air            9%         N/A       22%         3
 Manifold Assault         Tloc           31%        N/A       26%         5
 Yara's Violent Unravell  Hex/Tmut       12%        3d7       43%         5
 Dispel Undead            Necr           9%         3d8       56%         4
 Summon Cactus Giant      Summ           22%        N/A       36%         6
 Death Channel            Necr           4%         N/A       100%        6
 Haunt                    Necr/Summ      13%        N/A       100%        7
 Infestation              Necr           4%         N/A       100%        8
 Animate Dead             Necr           Unusable   N/A       N/A         4
 Corpse Rot               Necr/Pois/Air  Unusable   N/A       N/A         4

Dungeon Overview and Level Annotations

Branches:
Dungeon (12/15)            Temple (1/1) D:7            Lair (5/5) D:11
 Shoals (0/4) Lair:3        Snake (0/4) Lair:2        Slime (0/5) Lair:4
    Orc (0/2) D:10        Ossuary (visited)

Altars:
Ashenzari
Cheibriados
Fedhas
Gozag
Hepliaklqana
Kikubaaqudgha
Makhleb
Nemelex Xobeh
Okawaru
Qazlal
Ru
Sif Muna
Trog
Uskayaw
Vehumet
Wu Jian
Xom
Yredelemnul

Shops:
D:1 ?   D:3 (   D:4 :?[   D:9 *

Annotations:
Lair:5 Snorg


Innate Abilities, Weirdness & Mutations

You have a pair of small horns on your head.
You are surrounded by a moderate repulsion field. (EV +3)
When hurt, damage is shared between your health and your magic reserves.
You regenerate magic rapidly.
When low on magic, you restore magic in place of health.
Spells you cast may paralyse adjacent enemies.
You are dopey. (Int -2)


Message History

Snorg claws you. Snorg claws you!
Unknown command.
Casting: Iskenderun's Mystic Blast (dangerous; 3% risk of failure)
Confirm with . or Enter, or press ? or * to list all spells.
You miscast Summon Mana Viper.
You are very lightly contaminated with residual magic.
Nothing appears to happen.
Snorg misses you. x2; Snorg closely misses you.
An eight-headed hydra comes into view.
The death yak completely misses you.
Casting: Summon Mana Viper (dangerous; 9% risk of failure)
Confirm with . or Enter, or press ? or * to list all spells.
You don't have enough magic to cast this spell.
As you read the scroll of fear, it crumbles to dust.
You assume a fearsome visage.
The death yak easily resists.
Snorg is unaffected.
The eight-headed hydra resists with some effort.
Snorg completely misses you. Snorg barely misses you. Snorg misses you.
Snorg completely misses you. x2; Snorg misses you.
The death yak completely misses you.
You hit the death yak but do no damage.
You headbutt the death yak, but do no damage.
The death yak is lightly wounded.
The death yak is no longer blind.
The death yak gores you!!
You barely miss the death yak. You headbutt the death yak.
The death yak is lightly wounded.
Snorg is no longer blind.
The death yak completely misses you. Snorg bites you!!
* * * LOW HITPOINT WARNING * * *
Snorg claws you but does no damage. Snorg claws you!
* * * LOW HITPOINT WARNING * * *
The death yak attacks as you move away! The death yak closely misses you.
Okay, then.
Okay, then.
You feel much better.
Snorg barely misses you. x2; Snorg claws you!
* * * LOW HITPOINT WARNING * * *
The death yak gores you!
* * * LOW HITPOINT WARNING * * *
Snorg misses you. Snorg claws you!
You die...
Your body crumbles into a pile of gold.

##....8........
..........8.....
.....8..........
............8...
................
..............# .........#
.......TY## ......D@..#
.........## .........# ..
..........## ##.
..........## #..
...........########## ###.
...........##.##.PP.###.#.
##...............P........
#.........................


You could see Snorg (berserk), a death yak and an eight-headed hydra.

Vanquished Creatures
  A hydra (D:11)
  A death yak (Lair:4)
  Nergalle (Lair:2)
  A cyclops (D:12)
  5 elephants (Lair:5)
  A black mamba (Lair:2)
  2 gargoyles (D:11)
  7 cane toads
  3 komodo dragons
  2 meliai (D:12)
  A queen bee (D:12)
  A hornet (D:7)
  A wraith (D:12)
  2 wyverns
  13 yaks
  4 humans (D:8)
  2 steam dragons
  5 water moccasins
  2 acid dragons
  3 black bears
  2 orc warriors
  2 ice beasts
  3 wolves (Lair:2)
  2 ogres (D:4)
  3 phantoms
  A centaur (D:10)
  2 kobold brigands
  11 bullfrogs
  3 necrophages
  A scorpion (D:11)
  15 killer bees
  2 electric eels (Lair:2)
  3 vampire bats (D:5)
  6 howler monkeys
  A crimson imp (D:6)
  2 jellies
  2 hounds
  9 orc priests
  2 iguanas
  4 orc wizards
  8 mummies (Ossuary)
  3 adders
  8 gnolls
  4 white imps
  3 ufetubi
  3 dart slugs
  27 orcs
  9 endoplasms
  4 giant cockroaches
  2 gnoll zombies (Ossuary)
  9 goblins
  13 hobgoblins
  5 quokkas
  8 ball pythons
  9 bats
  4 frilled lizards
  A hobgoblin zombie (Ossuary)
  17 kobolds
  2 kobold zombies (Ossuary)
  3 orc zombies (Ossuary)
  5 rats
281 creatures vanquished.

Vanquished Creatures (collateral kills)
  A hydra (Lair:4)
  3 elephants
  A cane toad (Lair:1)
  A troll (D:12)
  A vampire (D:10)
  A basilisk (Lair:1)
  3 yaks (D:10)
  2 water moccasins
  An orc warrior (D:10)
  2 wolves (Lair:4)
  A bullfrog (D:9)
  A scorpion (D:4)
  A killer bee (D:12)
  2 howler monkeys
  An orc wizard (D:9)
  2 orcs
24 creatures vanquished.

Vanquished Creatures (others)
  A hydra (Lair:3)
  3 death yaks (Lair:4)
  2 elephants (Lair:4)
  2 black mambas
  4 cane toads
  2 komodo dragons
  A troll (D:10)
  2 polar bears (Lair:4)
  A hornet (D:9)
  15 yaks
  A shadow (D:12)
  A wraith (D:11)
  2 water moccasins
  A wolf (Lair:4)
  4 bullfrogs
  9 wights
  2 howler monkeys (D:10)
  2 orc wizards (D:11)
  20 fungi
  33 plants
108 creatures vanquished.

Grand Total: 413 creatures vanquished

Notes
Turn   | Place    | Note
-------+----------+-------------------------------------------
     0 | D:1      | croobank the Demonspawn Conjurer began the quest for the
                  | Orb.
     0 | D:1      | Reached XP level 1. HP: 13/13 MP: 3/3
   236 | D:1      | Gained mutation: You regenerate magic rapidly. [demonic
                  | ancestry]
   236 | D:1      | Reached XP level 2. HP: 19/19 MP: 1/5
   261 | D:1      | Learned a level 2 spell: Searing Ray
   326 | D:1      | Found Locoriacs's Magic Scroll Shop.
   377 | D:1      | Bought a scroll of identify for 20 gold pieces
   790 | D:1      | Gained mutation: You are surrounded by a mild repulsion
                  | field. (EV +2) [demonic ancestry]
   790 | D:1      | Reached XP level 3. HP: 24/24 MP: 0/6
  1254 | D:2      | Noticed a necrophage
  1353 | D:2      | Reached XP level 4. HP: 30/30 MP: 2/7
  1363 | D:1      | Learned a level 3 spell: Dazzling Flash
  1615 | D:2      | Killed a necrophage
  1616 | D:2      | Gained mutation: You are surrounded by a moderate repulsion
                  | field. (EV +3) [demonic ancestry]
  1616 | D:2      | Reached XP level 5. HP: 35/35 MP: 0/9
  2441 | D:3      | Identified the +1 leather armour of Gubb {rPois rF+ rC+}
  2469 | D:3      | Found a faded altar of an unknown god.
  2539 | D:3      | Found Loshroq's Antique Weapon Boutique.
  2672 | D:3      | Reached skill level 5 in Conjurations
  2995 | D:4      | Gained mutation: When hurt, damage is shared between your
                  | health and your magic reserves. [demonic ancestry]
  2995 | D:4      | Reached XP level 6. HP: 41/41 MP: 4/10
  3027 | D:4      | Reached skill level 1 in Fighting
  3027 | D:4      | Reached skill level 1 in Hexes
  3187 | D:4      | Reached XP level 7. HP: 48/48 MP: 5/12
  3212 | D:4      | Found a sand-covered staircase.
  3220 | Ossuary  | Entered an ossuary
  3859 | D:4      | Found the amulet of Elemental Vulnerability {rPois rF--
                  | rC-- AC+8}
  3984 | D:4      | Found a radiant altar of Vehumet.
  4011 | D:4      | Found Luynix's Book Shoppe.
  4029 | D:4      | Bought a book of Callings for 280 gold pieces
  4605 | D:4      | Reached skill level 1 in Summonings
  4772 | D:4      | Found Marchuda's Antique Armour Boutique.
  4777 | D:4      | Found Roroguit's Magic Scroll Boutique.
  4785 | D:4      | Bought a scroll of identify for 20 gold pieces
  5046 | D:5      | Entered Level 5 of the Dungeon
  5056 | D:5      | Reached XP level 8. HP: 57/57 MP: 9/14
  5861 | D:5      | Identified the +12 quarterstaff "Feowk" {freeze, Fly rN+}
  6094 | D:6      | Reached skill level 6 in Conjurations
  6244 | D:6      | Identified a scroll of acquirement
  6244 | D:6      | Acquired the amulet "Rigown" {Regen+ Str+4 Slay+2}
  6816 | D:6      | Reached skill level 5 in Stealth
  6916 | D:6      | Learned a level 3 spell: Summon Guardian Golem
  7440 | D:7      | Found a staircase to the Ecumenical Temple.
  7449 | Temple   | Entered the Ecumenical Temple
  7495 | Temple   | Became a worshipper of Gozag Ym Sagoz the Greedy
  7535 | D:7      | Gained mutation: Spells you cast may paralyse adjacent
                  | enemies. [demonic ancestry]
  7535 | D:7      | Reached XP level 9. HP: 39/64 MP: 2/16
  7654 | D:7      | Found a shimmering altar of Xom.
  7711 | D:7      | Identified the +0 robe of the Louse {rPois rN+ Stlth+}
  7970 | D:7      | Found a broken altar of Ashenzari.
  7987 | D:7      | Reached skill level 5 in Dodging
  7987 | D:7      | Reached skill level 5 in Spellcasting
  8834 | D:7      | Learned a level 2 spell: Blink
  9075 | D:8      | Reached skill level 1 in Translocations
  9198 | D:8      | Reached skill level 7 in Conjurations
  9333 | D:8      | Identified the +7 chain mail "Cugyunte" {rPois}
  9450 | D:8      | Gained mutation: When low on magic, you restore magic in
                  | place of health. [demonic ancestry]
  9450 | D:8      | Reached XP level 10. HP: 73/73 MP: 16/18
  9783 | D:8      | Found a faded altar of an unknown god.
  9783 | D:8      | Found a snail-covered altar of Cheibriados.
  9790 | D:8      | Found a faded altar of an unknown god.
  9792 | D:8      | Found a basalt altar of Yredelemnul.
  9794 | D:8      | Found a stormy altar of Qazlal.
  9868 | D:8      | Gained mutation: You have an increased reservoir of magic.
                  | (+10% MP) [potion of mutation]
  9868 | D:8      | Gained mutation: You have sharp toenails. [potion of
                  | mutation]
  9868 | D:8      | Gained mutation: Your body sometimes deteriorates upon
                  | taking damage. [potion of mutation]
  9868 | D:8      | Gained mutation: Your movements are slightly less
                  | encumbered by armour. (ER -2) [potion of mutation]
  9869 | D:8      | Lost mutation: Your movements are slightly less encumbered
                  | by armour. (ER -2) [potion of mutation]
  9869 | D:8      | Lost mutation: You have sharp toenails. [potion of
                  | mutation]
  9869 | D:8      | Lost mutation: You have an increased reservoir of magic.
                  | (+10% MP) [potion of mutation]
  9869 | D:8      | Gained mutation: You are robust. (+10% HP) [potion of
                  | mutation]
  9870 | D:8      | Lost mutation: Your body sometimes deteriorates upon taking
                  | damage. [potion of mutation]
  9870 | D:8      | Lost mutation: You are robust. (+10% HP) [potion of
                  | mutation]
  9870 | D:8      | Gained mutation: You are dopey. (Int -2) [potion of
                  | mutation]
  9936 | D:8      | Learned a level 3 spell: Call Canine Familiar
 10046 | D:9      | Reached skill level 5 in Fighting
 10295 | D:9      | Found Wiosowiy's Demolitions Depot.
 10345 | D:9      | Reached skill level 5 in Hexes
 11278 | D:10     | Entered Level 10 of the Dungeon
 11289 | D:10     | Found a staircase to the Orcish Mines.
 11313 | D:10     | Found a hide-covered altar of Uskayaw.
 11364 | D:10     | Reached skill level 1 in Short Blades
 11364 | D:10     | Reached skill level 5 in Summonings
 11469 | D:10     | Noticed a +0 hand axe
 11469 | D:10     | Noticed a +0 hand axe
 11680 | D:4      | Bought a book of the Wilderness for 532 gold pieces
 11723 | D:4      | Bought a scroll of brand weapon for 95 gold pieces
 11730 | D:4      | Learned a level 5 spell: Summon Mana Viper
 12102 | D:10     | Found a bloodstained altar of Trog.
 12877 | D:11     | Reached XP level 11. HP: 75/81 MP: 15/20
 12936 | D:11     | Reached skill level 8 in Conjurations
 13086 | D:11     | Found a staircase to the Lair.
 13862 | D:11     | Noticed a four-headed hydra
 13875 | D:11     | Killed a four-headed hydra
 14120 | D:12     | Identified the +1 pair of gloves "Fine" {Rampage rN+ Str+3
                  | Dex-4}
 14772 | Lair:1   | Entered Level 1 of the Lair of Beasts
 14927 | Lair:1   | Learned a level 4 spell: Iskenderun's Mystic Blast
 15902 | Lair:2   | Reached XP level 12. HP: 83/91 MP: 11/23
 15944 | Lair:2   | Found a staircase to the Snake Pit.
 16619 | Lair:2   | Noticed Nergalle
 16645 | Lair:2   | Killed Nergalle
 16646 | Lair:2   | Reached skill level 5 in Translocations
 17069 | Lair:3   | Reached skill level 9 in Conjurations
 17155 | Lair:3   | Noticed a six-headed hydra
 17163 | Lair:3   | Killed a six-headed hydra
 17235 | Lair:3   | Found a staircase to the Shoals.
 17838 | Lair:4   | Found a staircase to the Slime Pits.
 18598 | Lair:4   | Noticed a death yak
 18599 | Lair:4   | Noticed a death yak
 18599 | Lair:4   | Noticed a death yak
 18599 | Lair:4   | Noticed a death yak
 19334 | Lair:4   | Noticed a four-headed hydra
 19344 | Lair:4   | Killed a four-headed hydra
 19479 | Lair:4   | Killed a death yak
 19486 | Lair:4   | Killed a death yak
 19486 | Lair:4   | Killed a death yak
 19493 | Lair:4   | Killed a death yak
 19494 | Lair:4   | Gained mutation: You have a pair of small horns on your
                  | head. [demonic ancestry]
 19494 | Lair:4   | Reached XP level 13. HP: 91/99 MP: 13/25
 19613 | Lair:5   | Entered Level 5 of the Lair of Beasts
 19857 | Lair:5   | Noticed Snorg
 19879 | Lair:5   | Slain by Snorg

Illustrated notes

Levels and vault maps discovered:
D:1:      sevenhm_arrival_forest_fort_large_3, layout_rooms, serial_shops,
          shop_statue, st_stairs_6
D:2:      layout_rooms, basic_altar
D:3:      layout_rooms, serial_shops, shop_fountains,
          ebering_ecumenical_altar_rust
D:4:      layout_loops_ring, vehumet_altar_wand_db, chequers_ossuary_entry_cave,
          serial_shops, kennysheep_mini, nicolae_shop_advertising_works
          [nicolae_subvault_shop_adworks], shop, kennysheep_nondescript,
          kennysheep_orc_chapel
D:5:      layout_basic, elyvilon_altar_4, chequers_serial_rivers_micro_e,
          roderic_batcave
D:6:      layout_loops_corners, minmay_fire_ice_demons
D:7:      layout_loops_ring, mainiacjoe_overflow_catwalk,
          mainiacjoe_overflow_concentric_impassable, minmay_temple_entry_ruins,
          grunt_decor_junction
D:8:      layout_cave_pools, chequers_temple_overflow_minitemple,
          minmay_ruffians
D:9:      layout_roguey, serial_aquarium, aquarium_bridge_long_joined
          [aquarium_subvault_bridge, aquarium_subvault_balcony,
          aquarium_subvault_wall, aquarium_subvault_wall,
          aquarium_subvault_window, aquarium_subvault_bridge],
          aquarium_window_corner, aquarium_window_corner, aquarium_view_4,
          aquarium_balcony_double_1, grunt_ministairs_4, nicolae_blasting_shop
D:10:     layout_rooms, mainiacjoe_overflow_alcove_1, dancing_weapons_uskayaw,
          orc_0_dummy
D:11:     layout_stronghold, due_lair_maze_entry_diamond
D:12:     layout_cross, serial_bayou_pond_c, minivault_7
Temple:   dshaligram_water_room_temple
Lair:1:   layout_loops_ring, columned_hall_lemuel
Lair:2:   layout_long_grid, dummy_snake_entry, patterned_corridor,
          infiniplex_staircase_pool, serial_bayou_shore_a, uniq_nergalle
Lair:3:   layout_cave_shapes, shoals_dummy_entry
Lair:4:   layout_cave_pods, slime_entry_1, beast_lair_carwin_10
Lair:5:   evilmike_catoblepas_cave, layout_big_grid,
          chequers_serial_rivers_room_b, chequers_serial_rivers_small_a,
          uniq_snorg

Skill      XL: |  1  2  3  4  5  6  7  8  9 10 11 12 13 |
---------------+----------------------------------------+-----
Stealth        | 2 3 4 5 6 |  6.5
Dodging        | 2 3 4 5 6 7 8 |  8.6
Spellcasting   | 3 4 5 6 7 8 |  8.4
Conjurations   | 5 6 7 8 9 |  9.9
Fighting       | 1 2 3 4 5 7 8 |  8.5
Hexes          | 1 2 3 4 5 6 7 |  7.0
Summonings     | 1 2 4 5 6 7 8 |  8.0
Translocations | 1 3 4 5 |  5.0
Short Blades   | 1 2 3 |  3.9

Action                   |  1- 3 |  4- 6 |  7- 9 | 10-12 | 13-15 || total
-------------------------+-------+-------+-------+-------+-------++-------
Melee: Trident           |       |    10 |    20 |       |       ||    30
       Quarterstaff      |       |       |    14 |       |       ||    14
       Short sword       |       |       |    99 |   317 |    37 ||   453
       Punch             |       |       |       |     9 |     3 ||    12
       Headbutt          |       |       |       |       |    13 ||    13
 Cast: Magic Dart        |    79 |    55 |   138 |    23 |       ||   295
       Searing Ray       |     7 |    15 |    75 |    21 |       ||   118
       Dazzling Flash    |       |     1 |    27 |   116 |    10 ||   154
       Summon Guardian G |       |       |     8 |    48 |     3 ||    59
       Blink             |       |       |     1 |     2 |       ||     3
       Call Canine Famil |       |       |       |    48 |     5 ||    53
       Summon Mana Viper |       |       |       |     5 |       ||     5
       Iskenderun's Myst |       |       |       |    20 |     1 ||    21
Invok: Potion Petition   |       |       |       |     1 |       ||     1
Evoke: Wand              |       |       |       |     3 |       ||     3
  Use: Scroll            |     4 |     5 |     8 |    16 |     1 ||    34
       Potion            |       |     1 |     3 |     6 |     1 ||    11
 Stab: Paralysed         |       |       |    23 |    66 |     8 ||    97
       Invisible         |       |       |     8 |    22 |     3 ||    33
       Sleeping          |       |       |     1 |     1 |       ||     2
Armor: Robe              |     1 |     7 |    43 |    91 |     6 ||   148
Dodge: Dodged            |    27 |    49 |   224 |   489 |    61 ||   850
